Map: Acropolis LE

Players

SpeCial - Winner!

  • Race: Terran Terran
  • Spawn Location: 11:00

Stephano

  • Race: Zerg Zerg
  • Spawn Location: 5:00

VOD

Have the link to the VOD?

Description

Time

  • Played on: Sept. 8, 2019, 9:27 a.m.
  • Length: 14:57
Show
View Real Time Build Order
Export as new Build Order

SpeCial Terran - Winner!

Build Orders: Reaper Expand, Mech 

Get SALT Encoding   

  12  0:00  SCV  
  13  0:13  SCV  
  14  0:17  Supply Depot  
  14  0:25  SCV  
  15  0:38  SCV  
  15  0:39  Barracks  
  16  0:43  Refinery  
  16  0:50  SCV  
  17  1:02  SCV  
  18  1:14  SCV  
  19  1:27  Orbital Command, Reaper  
  20  1:39  Command Center  
  20  1:48  Supply Depot  
  20  1:53  SCV  
  21  1:59  Marine  
  22  2:04  Factory  
  22  2:08  SCV  
  23  2:20  SCV  
  23  2:22  Barracks Reactor  
  24  2:32  SCV  
  25  2:43  Command Center  
  25  2:46  SCV  
  26  2:52  Orbital Command  
  26  2:56  Refinery  
  26  2:58  SCV  
  27  3:04  Starport  
  27  3:10  SCV  
  27  3:12  Hellion  
  30  3:16  Hellion  
  32  3:20  SCV  
  32  3:23  Marine  
  32  3:26  SCV  
  35  3:32  SCV  
  36  3:37  Hellion  
  36  3:38  Hellion  
  36  3:39  SCV  
  41  3:44  SCV  
  41  3:46  Fusion Core  
  42  3:50  Starport Tech Lab  
  42  3:52  SCV  
  43  3:56  SCV  
  43  3:59  Orbital Command  
  43  4:01  Supply Depot  
  44  4:06  Hellion x2  
  44  4:08  SCV  
  49  4:10  SCV  
  50  4:20  SCV  
  50  4:22  SCV  
  52  4:26  SCV  
  52  4:31  Hellion x2  
  57  4:32  SCV  
  57  4:35  SCV  
  57  4:38  SCV, Battlecruiser  
  66  4:40  Supply Depot  
  66  4:44  Refinery x2  
  66  4:47  SCV x2  
  68  4:53  SCV  
  68  4:56  Armory  
  69  5:02  SCV x2, Hellion x2  
  69  5:03  Supply Depot  
  69  5:05  SCV  
  76  5:14  SCV  
  76  5:21  Supply Depot  
  77  5:24  SCV  
  77  5:25  Hellion x2, Supply Depot  
  77  5:26  SCV  
  83  5:30  Orbital Command  
  83  5:36  SCV  
  83  5:38  SCV  
  83  5:40  Factory  
  83  5:42  Factory  
  85  5:47  Hellion x2  
  85  5:48  SCV  
  88  5:51  SCV  
  88  5:53  Battlecruiser  
  88  5:56  SCV  
  96  6:00  SCV  
  96  6:03  SCV  
  98  6:08  SCV  
  89  6:12  Hellion x2  
  89  6:13  SCV  
  89  6:15  SCV  
  91  6:20  SCV  
  91  6:25  SCV  
  95  6:26  Factory Tech Lab  
  95  6:27  Factory Tech Lab, SCV  
  95  6:28  Refinery  
  95  6:29  Refinery, Terran Vehicle Weapons Level 1  
  95  6:32  SCV  
  95  6:33  Hellion  
  95  6:37  SCV  
  95  6:38  Supply Depot  
  99  6:40  SCV, Hellion  
  99  6:47  Mag-Field Accelerator  
  101  6:51  Weapon Refit  
  101  7:00  Cyclone, SCV x3, Hellion  
  101  7:01  Supply Depot  
  109  7:14  Hellion  
  109  7:18  SCV x2, Factory  
  109  7:19  SCV  
  109  7:20  Factory  
  109  7:22  Hellion  
  107  7:23  Supply Depot  
  107  7:25  Battlecruiser  
  113  7:31  SCV x2  
  113  7:33  Command Center  
  113  7:35  Siege Tank, Hellion  
  117  7:45  Siege Tank, Hellion  
  117  7:46  SCV  
  117  7:47  Armory  
  117  7:48  SCV  
  124  7:57  Infernal Pre-Igniter  
  124  8:01  Supply Depot  
  124  8:02  Supply Depot  
  124  8:03  Supply Depot  
  124  8:04  Factory Tech Lab, Factory Reactor  
  124  8:07  SCV  
  125  8:14  Supply Depot  
  125  8:16  Hellion x2, Supply Depot  
  125  8:17  Supply Depot  
  125  8:19  Siege Tank  
  132  8:23  Siege Tank, Supply Depot x2  
  132  8:24  Siege Tank  
  138  8:37  Engineering Bay  
  138  8:38  Hellion x2  
  138  8:40  Supply Depot  
  142  8:45  Command Center  
  142  8:47  Battlecruiser  
  148  8:49  Supply Depot  
  148  8:51  Cyclone  
  151  8:57  Terran Vehicle Weapons Level 2  
  151  8:59  Hellion x2  
  151  9:00  SCV  
  151  9:01  SCV x2  
  157  9:08  Hellion x2  
  161  9:10  Cyclone x2  
  161  9:11  Refinery  
  161  9:13  Refinery  
  161  9:14  SCV  
  168  9:21  Hellion x2  
  168  9:23  Cyclone  
  175  9:33  Hellion x2  
  179  9:42  Cyclone, Hellion x2  
  179  9:43  Planetary Fortress  
  179  9:50  Terran Vehicle And Ship Armor Level 1  
  179  9:53  Battlecruiser  
  179  9:56  Hellion x2  
  179  9:57  Command Center, Orbital Command  
  189  10:03  Hellion x2  
  193  10:17  Siege Tank x2  
  187  10:29  Hellion x3  
  187  10:30  Siege Tank, Hellion  
  187  10:33  Starport x2  
  186  10:48  Command Center  
  186  10:49  Siege Tank, Hellion  
  191  10:50  Hellion x2  
  191  10:51  Hellion  
  197  10:59  Command Center  
  197  11:11  Siege Tank, Hellion  
  200  11:14  Hellion  
  200  11:15  Terran Ship Weapons Level 1  
  198  11:30  Hellion  
  198  11:32  Starport Tech Lab  
  198  11:33  Starport Tech Lab  
  188  11:40  Hellion x2  
  188  11:43  Cyclone x2  
  188  11:51  Cyclone  
  188  11:54  Battlecruiser x2  
  176  11:58  Hellion x2  
  175  12:03  Battlecruiser  
  181  12:09  Terran Vehicle And Ship Armor Level 2  
  181  12:12  Orbital Command  
  181  12:15  Cyclone x2  
  169  12:22  Hellion  
  169  12:23  Cyclone, Hellion  
  169  12:33  Hellion x2  
  169  12:36  Planetary Fortress  
  173  12:40  Missile Turret  
  173  12:44  Hellion x2  
  177  12:47  Siege Tank x2  
  177  12:51  Refinery  
  183  12:54  Liberator, Hellion x2, Refinery  
  183  12:55  Siege Tank  
  186  13:03  Battlecruiser x2  
  194  13:16  SCV  
  194  13:19  Siege Tank  
  198  13:21  Hellion  
  196  13:35  Siege Tank  
  197  13:41  Command Center  
  197  13:42  Command Center  
  196  13:55  Hellion x2  
  196  14:05  Starport  
  196  14:07  Starport  
  195  14:20  Command Center  
Show
View Real Time Build Order
Export as new Build Order

Stephano Zerg 

Build Orders: Hatch First 

Get SALT Encoding   

  12  0:00  Drone  
  13  0:12  Overlord  
  13  0:16  Drone  
  14  0:30  Drone x2  
  16  0:47  Hatchery  
  15  0:50  Drone  
  15  0:53  Drone  
  18  0:57  Drone  
  18  1:08  Extractor  
  17  1:12  Spawning Pool  
  17  1:15  Drone  
  17  1:18  Drone  
  18  1:28  Drone  
  19  1:39  Drone  
  20  1:49  Drone  
  21  2:00  Queen x2  
  21  2:01  Zergling x4  
  27  2:14  Hatchery  
  26  2:18  Overlord  
  26  2:21  Drone  
  27  2:25  Drone  
  27  2:38  Queen  
  27  2:40  Drone x3  
  32  2:45  Overlord  
  32  2:47  Drone  
  33  2:51  Metabolic Boost  
  33  2:58  Overlord  
  33  2:59  Drone  
  33  3:04  Drone  
  35  3:06  Drone  
  36  3:13  Drone x3  
  36  3:16  Queen  
  41  3:23  Drone x2  
  43  3:28  Overlord  
  43  3:30  Queen  
  43  3:34  Drone  
  46  3:41  Drone  
  47  3:42  Queen  
  47  3:44  Drone x2  
  47  3:48  Zergling x6  
  54  3:51  Drone x2  
  56  3:56  Drone x2  
  56  4:02  Drone x2  
  60  4:03  Baneling Nest  
  60  4:05  Drone  
  60  4:06  Drone x2  
  62  4:10  Overlord  
  62  4:12  Overlord  
  62  4:15  Overlord  
  62  4:16  Drone  
  63  4:19  Drone  
  63  4:23  Overlord  
  64  4:24  Drone x2  
  64  4:27  Lair  
  66  4:31  Zergling x2  
  66  4:32  Zergling x4  
  66  4:35  Drone x2  
  71  4:39  Queen, Drone x2  
  71  4:43  Spore Crawler, Extractor  
  71  4:45  Spore Crawler, Extractor  
  71  4:47  Spore Crawler  
  71  4:48  Baneling x3  
  71  4:50  Drone  
  71  4:52  Overlord  
  71  4:59  Drone x2  
  73  5:01  Zergling x4, Evolution Chamber  
  73  5:02  Evolution Chamber  
  73  5:05  Overlord  
  70  5:07  Drone x2  
  70  5:14  Drone x2  
  70  5:17  Drone  
  70  5:18  Queen x2  
  77  5:24  Drone x2  
  77  5:27  Zergling x10  
  77  5:28  Zergling x2  
  85  5:30  Baneling x2  
  85  5:35  Extractor  
  85  5:36  Extractor  
  85  5:40  Roach Warren, Zerg Melee Weapons Level 1, Zerg Missile Weapons Level 1  
  85  5:41  Drone x2  
  84  5:45  Drone x3  
  84  5:46  Drone  
  84  5:48  Overlord  
  87  5:51  Overlord  
  87  5:53  Drone  
  87  5:56  Drone x2  
  88  6:00  Spore Crawler  
  88  6:01  Drone  
  89  6:11  Drone x8  
  88  6:18  Drone  
  88  6:19  Spire  
  88  6:24  Drone  
  86  6:29  Zergling x2  
  86  6:30  Zergling x12  
  93  6:38  Hatchery  
  92  6:40  Extractor  
  92  6:47  Overlord  
  91  6:50  Roach x3  
  91  6:51  Roach x4  
  103  7:08  Roach x9  
  121  7:10  Hatchery  
  118  7:19  Drone x5  
  118  7:36  Drone  
  118  7:37  Drone  
  120  7:38  Overlord  
  120  7:40  Spore Crawler  
  120  7:42  Zerg Melee Weapons Level 2, Zerg Missile Weapons Level 2  
  119  7:46  Roach x5  
  127  7:56  Zerg Flyer Armor Level 1  
  127  7:57  Drone x6  
  127  7:58  Drone x2  
  135  7:59  Infestation Pit  
  134  8:09  Drone x2  
  136  8:15  Corruptor, Hatchery  
  136  8:16  Overlord x2  
  137  8:24  Overlord  
  137  8:26  Glial Reconstitution  
  137  8:30  Extractor  
  137  8:31  Spore Crawler  
  137  8:32  Extractor  
  134  8:35  Drone x3  
  134  8:36  Corruptor x2, Drone x3  
  134  8:38  Ravager x3  
  134  8:39  Ravager  
  148  8:41  Hive  
  148  8:50  Drone x2  
  148  8:52  Corruptor x2, Drone  
  154  8:56  Drone x5  
  159  9:05  Overlord  
  159  9:07  Overlord  
  159  9:09  Overlord  
  152  9:24  Corruptor x7  
  160  9:37  Roach x7  
  170  9:47  Drone x2  
  170  9:51  Spore Crawler  
  170  9:52  Spine Crawler  
  170  9:54  Pathogen Glands  
  170  9:55  Greater Spire  
  170  10:01  Zergling x12, Extractor  
  170  10:02  Zergling x4  
  170  10:03  Drone  
  170  10:04  Drone  
  170  10:05  Extractor  
  178  10:11  Overlord  
  178  10:18  Drone x4  
  181  10:24  Baneling  
  181  10:25  Baneling x10  
  181  10:26  Zergling x16  
  182  10:37  Overlord  
  182  10:41  Drone x3  
  182  10:42  Drone x2  
  184  10:44  Corruptor  
  184  10:45  Corruptor x2  
  190  10:51  Neural Parasite  
  190  10:53  Burrow, Pneumatized Carapace  
  190  10:54  Zergling x2  
  190  10:55  Zergling x2  
  192  11:01  Centrifical Hooks  
  189  11:06  Roach x6  
  189  11:07  Overlord  
  189  11:11  Overlord  
  193  11:12  Overlord  
  193  11:15  Zergling x16  
  195  11:23  Ravager x6  
  195  11:24  Ravager x3  
  198  11:33  Zergling x12  
  198  11:39  Hatchery  
  187  11:41  Zergling x14  
  171  11:48  Zergling x10  
  171  11:52  Roach  
  171  11:53  Roach x2  
  141  12:00  Roach x3  
  140  12:05  Baneling x7  
  140  12:06  Roach x2  
  142  12:09  Roach  
  142  12:15  Roach x3  
  148  12:20  Roach  
  138  12:24  Roach x3  
  138  12:26  Ravager x2  
  138  12:27  Ravager x2  
  145  12:38  Brood Lord x3  
  145  12:39  Brood Lord  
  153  12:53  Zergling x22  
  153  12:58  Infestor x2  
  157  13:05  Infestor x4  
  159  13:14  Drone  
  159  13:15  Drone x5  
  159  13:17  Spore Crawler x2  
  163  13:20  Infestor x2  
  167  13:30  Infestor x2  
  167  13:31  Infestor  
  161  13:42  Corruptor x3  
  161  13:47  Roach x6  
  165  13:58  Roach x5  
  167  14:09  Hatchery  
  160  14:12  Corruptor x3  
Tags
 
Add a new tag
Caveats
  • Supply blocks, unpowered buildings, or Contaminate may cause inaccurate times.
  • Supply counts are checked every 10 seconds.